AoeStats
← 从不压堡之人

MegaRandom

508198649Analyzed
4v4 RM · 12d ago on Sep 21, 2026· 13m 59s· 8 players
Game mode
Random Map
Map size
Large (8 player)
Population
200
Speed
Normal
Resources
Standard
Victory
Conquest
Starting age
Dark Age
Ending age
Imperial Age
RankedLock teamsTeams togetherTeam positionsShared explorationLock speedFull tech treeHidden civsTurbo modeCheats
Victory
Defeat
🇨🇳 Mongols · China
1148
+16
🇨🇱 Lithuanians · Chile
1133
+16
🇨🇳 Franks · China
1108
+17
🇺🇸 Turks · United States
1103
+18
🇨🇳 Franks · China
1294
-23
🇨🇳 Jurchens · China
1136
-17
🇨🇳 Spanish · China
1094
-15
🇨🇳 Sicilians · China
1028
-12
Fart_master
7:04 Loom
13:02 Feudal Age
鱼鱼
12:45 Feudal Age
Ranger-Lee
6:17 Loom
11:32 Feudal Age
15:54 Castle Age
Lautaro_aoe
6:38 Loom
9:50 Feudal Age
10:18 Double-Bit Axe
D4C
12:04 Feudal Age
10:54 Loom
12:50 Double-Bit Axe
12:47 Horse Collar
从不压堡之人
12:16 Feudal Age
15:58 Castle Age
14:00 Fletching
我不是蓝精灵
4:41 Loom
12:57 Feudal Age
BLUE POISON
8:46 Loom
11:37 Feudal Age
13:12 Double-Bit Axe
15:59 Castle Age
13:52 Fishing Lines
Connection lost

Rejoining the realm…

Still unreachable

The connection could not be restored.

Session expired

The server has moved on; the page needs a fresh start.